 Dungeon Crawl Stone Soup version 0.29.0-4-gdea44cf6ec (webtiles) character file.

Game seed: 3962878526909482417

53 qw the Chopper (level 3, -1/21 HPs)
             Began as a Tengu Warper on Aug 28, 2022.
             Succumbed to an adder's poison
             ... on level 2 of the Dungeon.
             The game lasted 00:00:09 (1672 turns).

qw the Chopper (Tengu Warper)                       Turns: 1672, Time: 00:00:09

Health: -1/21      AC:  6    Str: 13    XL:     3   Next: 89%
Magic:  7/7        EV:  9    Int: 13    God:
Gold:   44         SH:  0    Dex: 13    Spells: 6/6 levels left

rFire   . . .      SeeInvis .   Y - +2 hand axe
rCold   . . .      Faith    .   (no shield)
rNeg    . . .      Spirit   .   i - +0 scale mail
rPois   .          Reflect  .   (helmet restricted)
rElec   .          Harm     .   (no cloak)
rCorr   .          Rampage  .   (no gloves)
Will    +....                   (boots unavailable)
Stlth   ..........              (no amulet)
HPRegen 0.07/turn               j - ring of willpower
MPRegen 0.10/turn               (no ring)

@: lethally poisoned (-1 -> -9)
A: beak, talons 3
a: no special abilities


You were on level 2 of the Dungeon.
You visited 1 branch of the dungeon, and saw 2 of its levels.

You collected 44 gold pieces.


Innate Abilities, Weirdness & Mutations

You have a beak for a mouth.
You have claws for feet.


   Skills:
 - Level 2.0 Fighting
 + Level 4.5 Axes
 - Level 1.0 Throwing
 - Level 1.1 Armour
 - Level 2.1 Dodging
 - Level 2.0 Spellcasting
 - Level 2.4 Translocations


You had 6 spell levels left.
You didn't know any spells.
Your spell library contained the following spells:

 Spells                   Type           Power      Damage    Failure   Level
 Blink                    Tloc           14%        N/A       56%         2
 Gell's Gravitas          Tloc           7%         N/A       80%         3
 Lesser Beckoning         Tloc           7%         N/A       80%         3
 Teleport Other           Tloc           7%         N/A       80%         3
 Manifold Assault         Tloc           7%         N/A       100%        5

Inventory:

Hand Weapons
 f - a +0 whip
 Y - a +2 hand axe (weapon)
Armour
 i - a +0 scale mail (worn)
Jewellery
 j - a ring of willpower (left hand)
Scrolls
 h - a scroll of identify
Potions
 g - a potion of curing

Dungeon Overview and Level Annotations

Branches:
Dungeon (2/15)

Altars:

Annotations:
D:2 Robin


Message History

The adder is lightly wounded.
You miss the adder.
You feel sick. The adder bites you but does no damage.
The adder barely misses you.
A goblin comes into view. It is wielding a +0 club.
The adder closely misses you.
You miss the adder. You claw the adder, but do no damage. You peck the adder.
The adder is moderately wounded.
You hit the adder.
You feel sick.
The adder bites you but does no damage. x2; The adder bites you.
You hit the adder. Your kick misses the adder.
The adder is severely wounded.
You miss the adder.
You feel sick. The adder bites you but does no damage.
The adder completely misses you.
You closely miss the adder. Your kick misses the adder. You peck the adder.
The adder is severely wounded.
You hit the adder but do no damage.
You feel sick.
You are no longer poisoned.
The adder bites you.
You are poisoned.
The adder poisons you! The adder bites you but does no damage.
The adder bites you.
You are lethally poisoned!
The adder poisons you! The adder closely misses you.
You hit the adder.
You kill the adder!
You hit the adder.
You feel very sick. The adder bites you.
You hit the adder. Your kick misses the adder.
The adder is severely wounded.
You closely miss the kobold.
You feel sick. The adder barely misses you. The kobold closely misses you.
The adder bites you.
You hit the adder.
You kill the adder!
You closely miss the kobold.
You die...

#.......# .....
#.......# . #.......
##.....### .#........
#..(%....# ..........
#..<.....#####>......
#....................
##.....#.###......##
# ##...##.#
#...#g.##... ######.#
##.@Kg.....# #..
###)......# ###
#........ .......##
..........
g##.....#.. gg
#.....# . g. #.....#
.# #.#....


You could see 2 goblins and a kobold.

Vanquished Creatures
  2 adders (D:2)
  An endoplasm (D:1)
  A giant cockroach (D:1)
  8 goblins
  6 hobgoblins
  2 quokkas (D:1)
  4 ball pythons
  6 bats
  A frilled lizard (D:1)
  7 kobolds
  3 rats (D:1)
41 creatures vanquished.

Notes
Turn   | Place    | Note
-------+----------+-------------------------------------------
     0 | D:1      | qw the Tengu Warper began the quest for the Orb.
     0 | D:1      | Reached XP level 1. HP: 12/12 MP: 4/4
     0 | D:1      | 0 ||| qw: Version: 0.1-a-89-g26bdef1
     0 | D:1      | 0 ||| qw: Game counter: 1817
     0 | D:1      | 0 ||| qw: Always use a shield: true
     0 | D:1      | 0 ||| qw: God list: Okawaru
     0 | D:1      | 0 ||| qw: Allow faded altars: false
     0 | D:1      | 0 ||| qw: Do Orc after D:15 true
     0 | D:1      | 0 ||| qw: Do second Lair branch before Depths: true
     0 | D:1      | 0 ||| qw: Lair rune preference: random
     0 | D:1      | 0 ||| qw: Plans: Normal
     0 | D:1      | 0 ||| PLANNING D:1-11
   239 | D:1      | Reached XP level 2. HP: 17/17 MP: 6/6
   249 | D:1      | Reached skill level 3 in Axes
   316 | D:1      | 316 ||| DROPPING +0 club.
   486 | D:1      | 486 ||| Stepping ~*~*~tactically~*~*~ (stealth).
   487 | D:1      | 487 ||| Stepping ~*~*~tactically~*~*~ (stealth).
   502 | D:1      | 502 ||| Stepping ~*~*~tactically~*~*~ (stealth).
   833 | D:1      | Reached XP level 3. HP: 20/21 MP: 7/7
  1170 | D:1      | Reached skill level 4 in Axes
  1380 | D:1      | 1380 ||| UPGRADING to +0 scale mail.
  1390 | D:1      | 1390 ||| DROPPING +0 leather armour.
  1391 | D:1      | 1391 ||| UPGRADING to ring of willpower.
  1392 | D:1      | 1392 ||| READING 2 scrolls labelled ODIASTR APPAL.
  1393 | D:1      | 1393 ||| READING scroll of enchant weapon.
  1393 | D:1      | 1393 ||| ENCHANTING +1 hand axe.
  1394 | D:1      | 1394 ||| READING scroll labelled ZAYKHLU RAVE.
  1395 | D:1      | 1395 ||| READING 2 scrolls labelled JYPAP EHARU.
  1396 | D:1      | 1396 ||| DRINKING 2 silvery potions.
  1397 | D:1      | 1397 ||| DROPPING scroll of blinking.
  1448 | D:2      | 1448 ||| STAIRDANCE
  1477 | D:2      | 1477 ||| STAIRDANCE
  1606 | D:2      | Found a faded altar of an unknown god.
  1606 | D:2      | Noticed Robin
  1607 | D:2      | 1607 ||| Stepping ~*~*~tactically~*~*~ (hiding).
  1656 | D:2      | 1656 ||| Stepping ~*~*~tactically~*~*~ (stealth).
  1660 | D:2      | 1660 ||| Stepping ~*~*~tactically~*~*~ (hiding).
  1671 | D:2      | HP: 4/21 [poisoned by an adder]
  1671 | D:2      | HP: 1/21 [adder (3)]
  1672 | D:2      | Succumbed to an adder's poison

Levels and vault maps discovered:
D:1:      minmay_arrival_arboretum_small, layout_loops_ring, minmay_tromino_mix6
D:2:      layout_rooms, basic_ecumenical_altar, uniq_robin

Skill      XL: |  1  2  3 |
---------------+----------+-----
Axes           | 3 4 |  4.5
Fighting       | |  2.0
Throwing       | |  1.0
Armour         | |  1.1
Dodging        | |  2.1
Spellcasting   | |  2.0
Translocations | |  2.4

Action                   || total
-------------------------++-------
Melee: Hand axe          ||    98
       Kick              ||    21
       Peck              ||    15
Throw: Boomerang         ||     7
  Use: Scroll            ||     4
       Potion            ||     1
Armor: Leather armour    ||    17
       Scale mail        ||    14
Dodge: Dodged            ||    58

Table legend:
 A = Non-vault XP
 B = Vault XP
 C = Vault XP percentage of total XP
 D = Non-vault monster count
 E = Vault monster count
 F = Vault count percentage of total count
                 A         B        C        D         E       F
            +---------+---------+-------+---------+---------+-------
      Total |      81 |      10 |  11.0 |      36 |       5 |  12.2
            +---------+---------+-------+---------+---------+-------
        D:1 |      48 |       4 |   7.7 |      30 |       2 |   6.2
        D:2 |      33 |       6 |  15.4 |       6 |       3 |  33.3
            +---------+---------+-------+---------+---------+-------
